 Dungeon Crawl Stone Soup version 0.30.1-4-g462c640d31 (webtiles) character file.

Game seed: 14891779810662490854

869 Arctor the Ruffian (level 7, -1/58 HPs)
             Began as a Pale Draconian Transmuter on Sept 7, 2023.
             Engulfed by a cloud of steam (9 damage)
             ... on level 5 of the Dungeon.
             The game lasted 00:08:45 (5849 turns).

Arctor the Ruffian (Pale Draconian Transmuter)      Turns: 5849, Time: 00:08:45

Health: -1/58      AC:  2    Str: 13    XL:     7   Next: 73%
Magic:  10/21      EV: 20    Int: 15    God:
Gold:   203        SH:  0    Dex: 16    Spells: 6/13 levels left

rFire   . . .        h - melded staff of earth
rCold   . . .        (shield currently unavailable)
rNeg    . . .        (body armour unavailable)
rPois   x            (helmet currently unavailable)
rElec   .            (cloak currently unavailable)
rCorr   .            (gloves currently unavailable)
SInv    .            p - melded +0 pair of boots
Will    .....        m - amulet of the acrobat
Stlth   +            l - ring of magical power
HPRegen 0.29/turn    (no ring)
MPRegen 0.17/turn

%: acrobat
@: short of breath, spider-form, very slightly contaminated
A: venomous fangs, (breathe steam), AC +6, tiny, unfitting armour,
(cold-blooded), (steam resistance)
a: End Transformation


You were on level 5 of the Dungeon.
You were a venomous arachnid creature.
You visited 1 branch of the dungeon, and saw 5 of its levels.

You collected 203 gold pieces.

Inventory:

Hand Weapons
 i - a +1 heavy dagger
Armour
 k - a +0 pair of boots
 p - a +0 pair of boots (melded)
Magical Staves
 h - a staff of earth (melded)
Jewellery
 l - a ring of magical power (left front pincers)
 m - an amulet of the acrobat (around neck)
 o - an amulet of guardian spirit
Scrolls
 b - 2 scrolls of teleportation
 c - a scroll of brand weapon
 f - a scroll of immolation
 g - 5 scrolls of poison
 r - a scroll of fear
Potions
 a - a potion of lignification
 d - 3 potions of magic
 e - a potion of resistance {unknown}
 j - a potion of curing
 n - a potion of might {unknown}
 q - a potion of flight {unknown}
 s - a potion of haste


   Skills:
 - Level 3.7 Fighting
 - Level 3.6 Dodging
 - Level 4.5 Unarmed Combat
 - Level 3.6 Spellcasting
 - Level 3.9 Transmutations
 + Level 2.4 Earth Magic
 + Level 2.9 Evocations


You had 6 spell levels left.
You knew the following spells:

 Your Spells              Type           Power      Damage    Failure   Level
a - Beastly Appendage     Tmut           28%        N/A       12%         1
b - Spider Form           Tmut/Pois      8%         N/A       47%         3
c - Stone Arrow           Conj/Erth      12%        3d7       56%         3

Your spell library contained the following spells:

 Spells                   Type           Power      Damage    Failure   Level
 Wereblood                Tmut           14%        N/A       16%         2
 Sandblast                Erth           20%        2d7       19%         1
 Passwall                 Tmut/Erth      10%        N/A       21%         2
 Static Discharge         Conj/Air       4%         2-3/arc   50%         2
 Ice Form                 Ice/Tmut       8%         N/A       82%         4
 Airstrike                Air            1%         2d(1-17)  96%         4
 Summon Lightning Spire   Summ/Air       2%         N/A       96%         4


Dungeon Overview and Level Annotations

Branches:
Dungeon (5/15)
 Temple: D:4-7

Altars:
Cheibriados


Innate Abilities, Weirdness & Mutations

You are a venomous arachnid creature.
You have venomous fangs.
You are tiny and dextrous.
Your spellcasting is less reliable in this form.
Your armour is entirely melded.
You are incapable of wielding weapons or throwing items.
((You can breathe blasts of scalding, opaque steam.))
((Your pale cyan-grey scales are hard. (AC +6)))
You cannot fit into any form of body armour.
((You are cold-blooded and may be slowed by cold attacks.))
((You are immune to the effects of steam.))


Message History

Aiming: Stone Arrow (dangerous; 34% risk of failure)
Press: ? - help, Shift-Dir - straight line, f/p - water moccasin
Aim: a water moccasin (lightly wounded, 43% to hit)
You feel a surge of power!
The stone arrow misses the water moccasin.
The water moccasin bites you.
You are poisoned.
The water moccasin poisons you!
Aiming: Breathe Steam (1% risk of failure)
Press: ? - help, Shift-Dir - straight line, f/p - water moccasin
Aim: a water moccasin (lightly wounded, 53% to hit)
You exhale a blast of scalding steam.
The ball of steam misses the water moccasin.
You feel very sick.
The water moccasin is engulfed in a cloud of scalding steam.
The water moccasin barely misses you.
The water moccasin is engulfed in a cloud of scalding steam.
The water moccasin bites you!
Casting: Stone Arrow (dangerous; 34% risk of failure)
Confirm with . or Enter, or press ? or * to list all spells.
You turn into a venomous arachnid creature.
Your staff of earth melds into your body.
Your +0 pair of boots melds into your body.
You are engulfed in a cloud of scalding steam.
You feel very sick.
The water moccasin is engulfed in a cloud of scalding steam.
The water moccasin bites you!
* * * LOW HITPOINT WARNING * * *
You are lethally poisoned!
The water moccasin poisons you!
You closely miss the water moccasin.
The water moccasin is heavily wounded.
You are engulfed in a cloud of scalding steam.
* * * LOW HITPOINT WARNING * * *
x2 You feel extremely sick.
The water moccasin is engulfed in a cloud of scalding steam.
The water moccasin closely misses you.
You feel better.
You are engulfed in a cloud of scalding steam.
You die...

... ..............#...
...##.#.#.......#.#...
#. .
#....#.........#..... .
#.
..#........#...).......
.##. ##
........###...........
#... ..
.........##.....#...#.
#...##.
#..........###..#.
......
##.##.......#..##.
...).#
#s..#..........#..
....<#
>.....S§............#...
...†##
....§##§#...#.......#..#
#... ....
####.###.........## #...
... ................##
.... .. ##.............#
.... # #.............##
.... #####...........#
#... #.............###


You could see a water moccasin.

Vanquished Creatures
  Sigmund (D:3)
  Menkaure (D:4)
  Duvessa (D:5)
  Blork the orc (D:4)
  Dowan (D:5)
  A hound (D:5)
  An iguana (D:5)
  A gnoll bouda (D:5)
  An orc wizard (D:3)
  Robin (D:3)
  7 gnolls
  10 adders
  An ufetubus (D:5)
  10 orcs
  5 endoplasms
  3 giant cockroaches
  14 goblins
  8 hobgoblins
  4 jackals (D:3)
  2 quokkas (D:2)
  3 ball pythons
  3 bats
  7 frilled lizards
  5 kobolds
  8 rats
100 creatures vanquished.

Notes
Turn   | Place    | Note
-------+----------+-------------------------------------------
     0 | D:1      | Arctor the Draconian Transmuter began the quest for the
                  | Orb.
     0 | D:1      | Reached XP level 1. HP: 16/16 MP: 3/3
   247 | D:1      | Reached XP level 2. HP: 23/23 MP: 3/5
   930 | D:2      | Reached XP level 3. HP: 28/29 MP: 4/6
  1509 | D:2      | Reached XP level 4. HP: 36/36 MP: 7/7
  1982 | D:3      | Noticed Sigmund
  2013 | D:3      | Killed Sigmund
  2014 | D:3      | Reached skill level 4 in Unarmed Combat
  2014 | D:3      | Reached XP level 5. HP: 24/45 MP: 9/9
  2014 | D:3      | Reached XP level 6. HP: 27/51 MP: 10/10
  2359 | D:3      | Learned a level 3 spell: Spider Form
  2864 | D:3      | Found a faded altar of an unknown god.
  3113 | D:3      | Noticed Robin
  3141 | D:3      | Killed Robin
  3432 | D:4      | Noticed Menkaure
  3686 | D:4      | Killed Menkaure
  4021 | D:5      | Entered Level 5 of the Dungeon
  4085 | D:5      | Your scales start taking on a pale cyan-grey colour.
  4085 | D:5      | Reached XP level 7. HP: 38/57 MP: 12/12
  4085 | D:5      | Gained mutation: You are immune to the effects of steam.
                  | [Pale Draconian growth]
  4311 | D:4      | Found a snail-covered altar of Cheibriados.
  4609 | D:4      | Noticed Blork the orc
  4625 | D:4      | Killed Blork the orc
  5268 | D:5      | Reached skill level 1 in Evocations
  5380 | D:5      | Reached skill level 1 in Earth Magic
  5611 | D:5      | Noticed Duvessa
  5611 | D:5      | Noticed Dowan
  5633 | D:5      | Learned a level 3 spell: Stone Arrow
  5644 | D:5      | Killed Duvessa
  5671 | D:5      | Killed Dowan
  5849 | D:5      | Engulfed by a cloud of steam

Illustrated notes

Levels and vault maps discovered:
D:1:      minmay_arrival_loop, layout_basic, chequers_serial_rivers_room_b,
          minmay_misc_feat_iff
D:2:      layout_loops_ring, minmay_pentomino_o4
D:3:      layout_loops_ring, nicolae_ecumenical_lake_church,
          nicolae_figureground_sparkle, uniq_robin, uniq_sigmund
D:4:      layout_basic, mainiacjoe_overflow_alcove_4, bh_walls_and_bars,
          uniq_blork_the_orc, uniq_menkaure
D:5:      layout_cave_pools, uniq_duvessa

Skill      XL: |  1  2  3  4  5  6  7 |
---------------+----------------------+-----
Dodging        | 2 3 |  3.6
Fighting       | 2 3 |  3.7
Unarmed Combat | 4 |  4.5
Spellcasting   | 3 |  3.6
Transmutations | 3 |  3.9
Evocations     | 2 |  2.9
Earth Magic    | 2 |  2.4

Action                     |  1- 3 |  4- 6 |  7- 9 || total
---------------------------+-------+-------+-------++-------
  Melee: Unarmed           |    94 |    42 |    46 ||   182
         Kick              |    13 |     8 |       ||    21
         Tailslap          |     9 |     9 |     2 ||    20
         Headbutt          |     7 |     5 |       ||    12
         Punch             |     1 |     4 |       ||     5
         Dagger            |    11 |   141 |       ||   152
         Staff             |       |       |    19 ||    19
   Cast: Beastly Appendage |    21 |     6 |     4 ||    31
         Spider Form       |       |     7 |     7 ||    14
         Stone Arrow       |       |       |     5 ||     5
Ability: Breathe Steam     |       |       |     4 ||     4
    Use: Scroll            |       |     5 |     5 ||    10
         Potion            |       |     1 |     1 ||     2
   Stab: Sleeping          |     2 |       |       ||     2
 Armour: Skin              |    39 |    94 |    12 ||   145
  Dodge: Dodged            |    62 |   186 |    52 ||   300
